 Dungeon Crawl Stone Soup version 0.26.0-10-g1f06aea511 (webtiles) character file.

Game seed: 11226425720316191882

176 Dracia the Covert (level 5, -6/47 HPs)
             Began as a Gnoll Delver on Jan 14, 2021.
             Mangled by an ogre
             ... wielding a +0 giant club
              (22 damage)
             ... on level 4 of the Dungeon.
             The game lasted 00:02:09 (1344 turns).

Dracia the Covert (Gnoll Delver)                    Turns: 1344, Time: 00:02:10

Health: -6/47      AC:  3    Str: 15    XL:     5   Next: 56%
Magic:  7/7        EV: 14    Int: 12    God:
Gold:   53         SH:  0    Dex: 17    Spells: 7/7 levels left

rFire    . . .     SeeInvis .   a - +0 falchion
rCold    . . .     Faith    .   (no shield)
rNeg     . . .     Spirit   .   b - +0 leather armour
rPois    .         Reflect  .   (no helmet)
rElec    .         Harm     .   (no cloak)
rCorr    .         Rampage  .   (no gloves)
Will     .....                  (no boots)
Stlth    ++++......             (no amulet)
HPRegen  0.15/turn              (no ring)
MPRegen  0.10/turn              (no ring)

@: no status effects
A: distributed training, fangs 1, strong nose
a: no special abilities


You were on level 4 of the Dungeon.
You visited 1 branch of the dungeon, and saw 2 of its levels.
You also visited: Sewer.

You collected 53 gold pieces.


Innate Abilities, Weirdness & Mutations

Your experience applies equally to all skills.
You have very sharp teeth.
Your uncanny sense of smell can sniff out nearby items.


   Skills:
 + Level 6.7 Fighting
 + Level 1.5 Short Blades
 + Level 4.8 Long Blades
 + Level 1.5 Axes
 + Level 1.5 Maces & Flails
 + Level 1.5 Polearms
 + Level 1.5 Staves
 + Level 1.5 Slings
 + Level 1.5 Bows
 + Level 1.5 Crossbows
 + Level 1.5 Throwing
 + Level 1.5 Armour
 + Level 4.8 Dodging
 + Level 9.6 Stealth
 + Level 1.5 Shields
 + Level 1.5 Unarmed Combat
 + Level 1.5 Spellcasting
 + Level 1.2 Conjurations
 + Level 1.2 Hexes
 + Level 1.2 Summonings
 + Level 1.2 Necromancy
 + Level 1.2 Translocations
 + Level 1.2 Transmutations
 + Level 1.2 Fire Magic
 + Level 1.2 Ice Magic
 + Level 1.2 Air Magic
 + Level 1.2 Earth Magic
 + Level 1.2 Poison Magic
 + Level 1.7 Invocations
 + Level 1.5 Evocations


You had 7 spell levels left.
You didn't know any spells.
Your spell library was empty.

Inventory:

Hand Weapons
 a - a +0 falchion (weapon)
Armour
 b - a +0 leather armour (worn)
Wands
 g - a wand of digging (3)
 o - a wand of flame (18)
Scrolls
 c - a scroll of fog
 d - a scroll of magic mapping
 e - 2 scrolls of fear
 j - a scroll of amnesia
 l - 2 scrolls of teleportation {@r4@r4}
 m - a scroll of identify {@r1@r1}
Potions
 f - a potion of haste {@q3@q3}
 h - 2 potions of might {unknown}
 i - a potion of attraction
 k - a potion of flight
 n - a potion of degeneration {unknown}

Dungeon Overview and Level Annotations

Branches:
Dungeon (5/15)              Sewer (visited)
 Temple: D:4-7

Altars:
Dithmenos
Ru
The Shining One

# # ######## #
#......####### #
#............#
###......#####.########
.........####.........##
........................
............†...........
#############...@O....#
....... #.........#
....... #.....$...#
####### #.........#
#.........# #.........#
###########


You could see an ogre.


Message History

You see here a leopard gecko skeleton.
There is a stone staircase leading up here.
You climb upwards.
Found 27 bolts.
Found three altars.
There is a stone staircase leading down here.
A giant cockroach comes into view.
A giant cockroach is nearby!
The giant cockroach bites you but does no damage.
Found 17 gold pieces.
You closely miss the giant cockroach. The giant cockroach closely misses you.
You slash the giant cockroach!
You kill the giant cockroach!
No target in view!
You see here a giant cockroach corpse.
An ogre comes into view. It is wielding a +0 giant club.
The ogre shouts!
An ogre is nearby!
An ogre is nearby!
The ogre hits you with a +0 giant club!
You barely miss the ogre. You bite the ogre, but do no damage.
The ogre hits you with a +0 giant club!
* * * LOW HITPOINT WARNING * * *
You are too injured to fight recklessly!
Unknown command.
You hit the ogre. You bite the ogre, but do no damage.
The ogre is lightly wounded.
You slash the ogre!
The ogre is moderately wounded.
The ogre hits you with a +0 giant club!!
You die...

Skill      XL: |  1  2  3  4 |
---------------+-------------+-----
Stealth        | |  9.6
Short Blades   | 1 |  1.5
Axes           | 1 |  1.5
Maces & Flails | 1 |  1.5
Polearms       | 1 |  1.5
Staves         | 1 |  1.5
Slings         | 1 |  1.5
Bows           | 1 |  1.5
Crossbows      | 1 |  1.5
Throwing       | 1 |  1.5
Armour         | 1 |  1.5
Shields        | 1 |  1.5
Unarmed Combat | 1 |  1.5
Spellcasting   | 1 |  1.5
Invocations    | 1 |  1.7
Evocations     | 1 |  1.5
Conjurations   | 1 |  1.2
Hexes          | 1 |  1.2
Summonings     | 1 |  1.2
Necromancy     | 1 |  1.2
Translocations | 1 |  1.2
Transmutations | 1 |  1.2
Fire Magic     | 1 |  1.2
Ice Magic      | 1 |  1.2
Air Magic      | 1 |  1.2
Earth Magic    | 1 |  1.2
Poison Magic   | 1 |  1.2
Fighting       | |  6.7
Long Blades    | |  4.8
Dodging        | |  4.8

Action                   |  1- 3 |  4- 6 || total
-------------------------+-------+-------++-------
Melee: Falchion          |     9 |   127 ||   136
       Bite              |       |    19 ||    19
       Punch             |       |     1 ||     1
  Use: Potion            |       |     3 ||     3
       Scroll            |       |     2 ||     2
 Stab: Sleeping          |     1 |     8 ||     9
Armor: Leather armour    |     1 |    37 ||    38
Dodge: Dodged            |     8 |   137 ||   145
       Rpst.: Falchion   |     2 |    43 ||    45

Levels and vault maps discovered:
D:4:      layout_basic, chequers_temple_overflow_statue_of_worship
D:5:      layout_loops_ring, lemuel_temple_firewalk_b, serial_shops, shop,
          nicolae_shop_crystal, shop, shop_statue, shop, portal_sewer_entry_f,
          uniq_ijyb

Notes
Turn   | Place    | Note
-------+----------+-------------------------------------------
     0 | D:5      | Reached skill level 9 in Stealth
     0 | D:5      | Dracia the Gnoll Delver began the quest for the Orb.
     0 | D:5      | Reached XP level 1. HP: 23/23 MP: 1/1
    22 | D:5      | Noticed a centaur
    34 | D:5      | Killed a centaur
    35 | D:5      | Reached skill level 1 in Short Blades
    35 | D:5      | Reached skill level 1 in Axes
    35 | D:5      | Reached skill level 1 in Maces & Flails
    35 | D:5      | Reached skill level 1 in Polearms
    35 | D:5      | Reached skill level 1 in Staves
    35 | D:5      | Reached skill level 1 in Slings
    35 | D:5      | Reached skill level 1 in Bows
    35 | D:5      | Reached skill level 1 in Crossbows
    35 | D:5      | Reached skill level 1 in Throwing
    35 | D:5      | Reached skill level 1 in Armour
    35 | D:5      | Reached skill level 1 in Shields
    35 | D:5      | Reached skill level 1 in Unarmed Combat
    35 | D:5      | Reached skill level 1 in Spellcasting
    35 | D:5      | Reached skill level 1 in Invocations
    35 | D:5      | Reached skill level 1 in Evocations
    35 | D:5      | Reached XP level 2. HP: 5/29 MP: 1/3
    35 | D:5      | Reached XP level 3. HP: 6/35 MP: 1/4
    35 | D:5      | Reached XP level 4. HP: 8/41 MP: 1/5
   325 | D:5      | Found a glowing drain.
   368 | Sewer    | Entered a sewer
   378 | Sewer    | Reached skill level 1 in Conjurations
   378 | Sewer    | Reached skill level 1 in Hexes
   378 | Sewer    | Reached skill level 1 in Summonings
   378 | Sewer    | Reached skill level 1 in Necromancy
   378 | Sewer    | Reached skill level 1 in Translocations
   378 | Sewer    | Reached skill level 1 in Transmutations
   378 | Sewer    | Reached skill level 1 in Fire Magic
   378 | Sewer    | Reached skill level 1 in Ice Magic
   378 | Sewer    | Reached skill level 1 in Air Magic
   378 | Sewer    | Reached skill level 1 in Earth Magic
   378 | Sewer    | Reached skill level 1 in Poison Magic
   852 | Sewer    | Reached XP level 5. HP: 37/47 MP: 6/6
  1316 | D:4      | Found a shadowy altar of Dithmenos.
  1316 | D:4      | Found a sacrificial altar of Ru.
  1316 | D:4      | Found a glowing golden altar of the Shining One.
  1338 | D:4      | Noticed an ogre
  1344 | D:4      | Mangled by an ogre

Vanquished Creatures
  A centaur (D:5)
  A hound (D:5)
  5 oozes
  3 worms (Sewer)
  5 leopard geckos
  8 bats (Sewer)
  6 giant cockroaches
  4 jackals (Sewer)
  A frilled lizard (Sewer)
34 creatures vanquished.

Vanquished Creatures (others)
  A hound skeleton (D:5)
1 creature vanquished.

Grand Total: 35 creatures vanquished

Table legend: (Time is in decaauts)
 A = Elapsed time spent in this place.
 B = Non-inter-level travel time spent in this place.
 C = Inter-level travel time spent in this place.
 D = Time resting spent in this place.
 E = Time spent auto-exploring this place.
 F = Levels seen in this place.
 G = Mean time per level.
                   A        B        C        D        E       F      G
               +--------+--------+--------+--------+--------+-----+--------+
         Total |   1519 |   1518 |      1 |    160 |    932 |   3 |  506.3 |
       Dungeon |    456 |    455 |      1 |      0 |    323 |   2 |  228.0 |
         Sewer |   1063 |   1063 |      0 |    160 |    609 |   1 | 1063.0 |
               +--------+--------+--------+--------+--------+-----+--------+

Top non-repeatable levels by time:
   Sewer: 1063 daAuts
     D:5: 428 daAuts
     D:4: 28 daAuts

Table legend:
 A = Non-vault XP
 B = Vault XP
 C = Vault XP percentage of total XP
 D = Non-vault monster count
 E = Vault monster count
 F = Vault count percentage of total count
                 A         B        C        D         E       F
            +---------+---------+-------+---------+---------+-------
      Total |     162 |      90 |  35.7 |       4 |      30 |  88.2
            +---------+---------+-------+---------+---------+-------
        D:4 |       2 |       0 |   0.0 |       1 |       0 |   0.0
        D:5 |     160 |      12 |   7.0 |       3 |       5 |  62.5
      Sewer |       0 |      78 | 100.0 |       0 |      25 | 100.0
            +---------+---------+-------+---------+---------+-------
